 Dungeon Crawl Stone Soup version 0.21-a0-630-g344d3514eb (webtiles) character file.

32 Patate the Chopper (level 3, 0/33 HPs)
             Began as a Hill Orc Monk on Dec 25, 2017.
             Slain by an adder (3 damage)
             ... on level 2 of the Dungeon.
             The game lasted 00:08:48 (856 turns).

Patate the Chopper (Hill Orc Monk)                   Turns: 856, Time: 00:08:49

Health: 0/33       AC:  5    Str: 14    XL:     3   Next: 27%
Magic:  3/3        EV: 11    Int: 10    God:
Gold:   56         SH:  0    Dex: 13    Spells: 2/2 levels left

rFire    . . .     SeeInvis .   a - +0 hand axe
rCold    . . .     Gourm    .   (no shield)
rNeg     + . .     Faith    .   b - +0 ring mail
rPois    .         Spirit   .   (no helmet)
rElec    .         Reflect  .   (no cloak)
rCorr    .         Harm     .   (no gloves)
MR       .....                  (no boots)
Stlth    +.........             (no amulet)
HPRegen  0.11/turn              e - ring of positive energy
MPRegen  0.08/turn              (no ring)

@: lethally poisoned (0 -> -2)
A: no striking features
a: no special abilities


You were on level 2 of the Dungeon.
You were not hungry.

You visited 1 branch of the dungeon, and saw 2 of its levels.

You collected 56 gold pieces.

Inventory:

Hand Weapons
 a - a +0 hand axe (weapon)
Missiles
 i - 8 javelins (quivered)
Armour
 b - a +0 ring mail (worn)
 d - a +0 leather armour
Jewellery
 e - a ring of positive energy (left hand)
Scrolls
 f - 3 scrolls of magic mapping {unknown}
 h - a scroll of teleportation
Potions
 g - a potion of magic
Comestibles
 c - 4 rations
 j - 4 chunks of flesh


   Skills:
 + Level 3.9 Fighting
 * Level 5.3 Axes
 + Level 0.2 Armour
 - Level 2.4 Dodging
 + Level 1.7 Stealth


You had 2 spell levels left.
You didn't know any spells.

Dungeon Overview and Level Annotations

Branches:
Dungeon (2/15)

Altars:
Fedhas


Message History

You closely miss the goblin. The goblin hits you but does no damage.
You barely miss the goblin.
You feel sick. The goblin barely misses you.
You hit the goblin.
You kill the goblin!
The bat hits you but does no damage.
You barely miss the bat.
You feel sick. The bat barely misses you. The bat closely misses you.
You hit the bat.
You kill the bat!
Okay, then.
You miss the adder. The adder closely misses you. The adder misses you.
You barely miss the adder.
You feel sick. The adder bites you.
* * * LOW HITPOINT WARNING * * *
You hit the adder.
The adder is lightly wounded.
The adder barely misses you. x2
You hit the adder but do no damage.
The adder is lightly wounded.
The adder bites you.
You die...

...............
.............).
.............#
...K.........#
.............#
.>..b...#
#######.###K# #.....#
#S# . #.###.# #@# #.#
#.# #.# ###.# #.# #.#
#.# #...# #.. #.#
#.###...# #. #.#
#.....#.######### #.
#.#######.#.........#
##
#.........#########.#
# ########### #.# ##
#.#######.


You could see an adder and a kobold.

Vanquished Creatures
  An adder (D:2)
  A worm (D:2)
  A dart slug (D:2)
  7 bats
  4 goblins
  A hobgoblin (D:2)
  2 frilled lizards (D:1)
  2 kobolds
  2 rats (D:1)
21 creatures vanquished.

Notes
Turn   | Place    | Note
-------+----------+-------------------------------------------
     0 | D:1      | Patate the Hill Orc Monk began the quest for the Orb.
     0 | D:1      | Reached XP level 1. HP: 19/19 MP: 1/1
   362 | D:1      | Reached XP level 2. HP: 27/27 MP: 2/2
   733 | D:2      | Found a blossoming altar of Fedhas.
   763 | D:2      | Reached skill level 5 in Axes
   847 | D:2      | Reached XP level 3. HP: 9/33 MP: 3/3
   856 | D:2      | Slain by an adder

Vault maps used:
D:1:      minmay_arrival_diagonal_passages, minmay_misc_feat_square
D:2:      lemuel_crystal_altar

Skill      XL: |  1  2 |
---------------+-------+-----
Axes           | 5 |  5.3
Fighting       | |  3.9
Armour         | |  0.2
Dodging        | |  2.4
Stealth        | |  1.7

Action                   || total
-------------------------++-------
Melee: Hand axe          ||    96
  Use: Scroll            ||     3
 Stab: Sleeping          ||     1
Armor: Ring mail         ||    20
       Robe              ||     3
Dodge: Dodged            ||    74

Table legend:
 A = Spawn XP
 B = Non-spawn XP
 C = Spawn XP percentage of total XP
 D = Spawn monster count
 E = Non-spawn monster count
 F = Spawn count percentage of total count
 G = Total turns spent on level
                    A         B        C        D         E        F      G
               +---------+---------+-------+---------+---------+-------+---------
         Total |       0 |      47 |   0.0 |       0 |      21 |   0.0 |   856
               +---------+---------+-------+---------+---------+-------+---------
           D:1 |       0 |      11 |   0.0 |       0 |       9 |   0.0 |   613
           D:2 |       0 |      36 |   0.0 |       0 |      12 |   0.0 |   243
               +---------+---------+-------+---------+---------+-------+---------
